 Dungeon Crawl Stone Soup version 0.18.1-48-g4cf74bf (webtiles) character file.

10472 hairmachine the Severer (level 11, -3/91 HPs)
             Began as a Minotaur Gladiator on July 6, 2016.
             Was a High Priest of the Shining One.
             Slain by an elephant (4 damage)
             ... on level 2 of the Lair of Beasts.
             The game lasted 00:27:28 (10825 turns).

hairmachine the Severer (Minotaur Gladiator)       Turns: 10825, Time: 00:27:29

Health: -3/91      AC: 21    Str: 22    XL:     11   Next: 36%
Magic:  10/10      EV:  8    Int:  5    God:    the Shining One [*****.]
Gold:   346        SH:  0    Dex: 12    Spells: 0 memorised, 10 levels left

rFire  + + .     SeeInvis +     P - +9 hand axe of Prescription {speed, rF++ SInv}
rCold  . . .     Gourm    +     E - +0 plate armour
rNeg   + + .     Faith    .     (no shield)
rPois  .         Spirit   .     c - +1 hat
rElec  .         Dismiss  .     n - +2 cloak {MR+}
rCorr  .         Reflect  .     (no gloves)
SustAt +         Harm     .     A - +0 pair of boots
MR     +....                    t - amulet of the gourmand
Stlth  ..........               (no ring)
                                z - ring of sustain attributes

@: lethally poisoned (-3 -> -22), slowed, glowing, very slow, somewhat resistant
to hostile enchantments, extremely unstealthy
A: retaliatory headbutt, horns 2
a: Divine Shield, Cleansing Flame, Summon Divine Warrior, Renounce Religion


You were on level 2 of the Lair of Beasts.
You worshipped the Shining One.
The Shining One was extremely pleased with you.
You were completely stuffed.

You visited 2 branches of the dungeon, and saw 11 of its levels.

You collected 521 gold pieces.
You spent 175 gold pieces at shops.

Inventory:

Hand Weapons
 o - a +1 dagger of holy wrath
 F - a +3 scimitar of flaming
 P - the +9 hand axe of Prescription (weapon) {speed, rF++ SInv}
   (You took it off a gnoll on level 9 of the Dungeon)

   Attacks with this weapon are significantly faster.
   It greatly protects you from fire.
   It lets you see invisible.
Missiles
 d - 4 throwing nets (quivered)
Armour
 c - a +1 hat (worn)
 n - a +2 cloak of magic resistance (worn)
 A - a +0 pair of boots (worn)
 E - a +0 plate armour (worn)
Jewellery
 t - an amulet of the gourmand (around neck)
 z - a ring of sustain attributes (left hand)
 L - a cursed ring of loudness {unknown}
Wands
 y - a wand of paralysis (9/24)
Scrolls
 k - a scroll of magic mapping
 l - a scroll of fear
 q - a scroll of enchant armour
 s - 2 scrolls of remove curse
 w - 2 scrolls of fog
 C - 3 scrolls of recharging
 D - a scroll of amnesia {unknown}
 G - 4 scrolls of teleportation
 J - 2 scrolls of random uselessness {unknown}
 M - 2 scrolls of blinking {unknown}
 O - 2 scrolls of enchant weapon
 Q - 2 scrolls of identify
Potions
 b - a potion of haste {unknown}
 e - a potion of ambrosia {unknown}
 h - 3 potions of curing
 j - 2 potions of might
 m - 3 potions of brilliance {unknown}
 p - a potion of heal wounds {unknown}
 r - 2 potions of flight
 u - 2 potions of cure mutation {unknown}
 x - 4 potions of degeneration {unknown}
 I - 2 potions of lignification {unknown}
 K - a potion of invisibility {unknown}
Books
 H - a book of Frost

   Spells                             Type                      Level
   a - Freeze                         Ice                          1
   b - Throw Frost                    Conjuration/Ice              2
   c - Ozocubu's Armour               Charms/Ice                   3
   d - Throw Icicle                   Conjuration/Ice              4
   e - Summon Ice Beast               Ice/Summoning                4
 N - a Fen Folio

   Spells                             Type                      Level
   a - Corpse Rot                     Necromancy                   2
   b - Stone Arrow                    Conjuration/Earth            3
   c - Leda's Liquefaction            Hexes/Earth                  4
   d - Summon Forest                  Summoning/Translocation      5
   e - Hydra Form                     Transmutation                6
   f - Summon Hydra                   Summoning                    7
 R - a book of Changes

   Spells                             Type                      Level
   a - Beastly Appendage              Transmutation                1
   b - Sticks to Snakes               Transmutation                2
   c - Spider Form                    Transmutation/Poison         3
   d - Ice Form                       Ice/Transmutation            4
   e - Blade Hands                    Transmutation                5
Comestibles
 a - 21 chunks of flesh
 f - 7 bread rations
 g - 6 slices of pizza
 i - 2 beef jerkies
 v - 4 meat rations
 B - 3 fruits


   Skills:
 - Level 6.9 Fighting
 + Level 15.5 Axes
 - Level 2.0 Throwing
 + Level 12.4 Armour
 - Level 3.2 Dodging


You had 10 spell levels left.
You didn't know any spells.

Dungeon Overview and Level Annotations

Branches:
Dungeon (9/15)             Temple (0/1) D:4            Lair (2/8) D:9
    Orc: D:9-12

Altars:
Cheibriados
Gozag
Kikubaaqudgha
Makhleb
Okawaru
Qazlal
Ru
Vehumet
The Shining One

Shops:
D:8 :?(:*

Annotations:
Lair:2 Sonja


Innate Abilities, Weirdness & Mutations

You reflexively headbutt those who attack you in melee.
You have a pair of horns on your head.


Message History

The elephant closely misses you. You furiously retaliate!
You headbutt the elephant!
The elephant trunk-slaps you but does no damage.
You see here 2 curare-tipped needles.
Drink which item? (? for menu, Esc to quit)
You feel better.
Sonja shoots a curare-tipped needle.
The curare-tipped needle hits you.
You are poisoned.
You have difficulty breathing.
* * * LOW HITPOINT WARNING * * *
You feel as though you will be slow longer.
The blink frog blinks!
The elephant barely misses you.
The elephant trunk-slaps you but does no damage.
Sonja shoots a curare-tipped needle.
The curare-tipped needle hits you.
You are lethally poisoned!
You have difficulty breathing.
* * * LOW HITPOINT WARNING * * *
You feel as though you will be slow longer.
The elephant tramples you.
You die...

.............#
.........÷.....#
.............#.#
..........F....#
.........<..P#.#
.........K...###
...............#
.........Y....##
.......@YF(....#
........Y#Y†♣.##
........##.♣.##
........#.Y......F..
.......?.♣.>l.F..#..
........#.....#.....
.........#.♣.##.....
.........##.♣. ..#.
....... . . ..


You could see 4 elephants, 2 blink frogs and Sonja.

Vanquished Creatures
  Erica (D:8)
  The ghost of Aquadorian the Severer, a novice MiFi of Okawaru (D:9)
  Pikel (D:6)
  An elephant (Lair:2)
  Maurice (D:8)
  A spiny frog (Lair:1)
  A komodo dragon (Lair:2)
  A troll (D:9)
  The ghost of junkhipster the Shield-Bearer, an amateur FoFi of Okawaru (D:3)
  Grinder (D:6)
  2 blink frogs (Lair:2)
  An ice beast (D:6)
  6 yaks (Lair:1)
  3 basilisks (D:9)
  A hippogriff (D:7)
  Menkaure (D:6)
  3 water moccasins (Lair:1)
  7 porcupines
  An orc warrior (D:7)
  3 slaves (D:6)
  3 black bears
  2 phantoms
  4 ogres
  2 centaurs
  5 crocodiles
  Blork the orc (D:6)
  5 giant frogs
  3 killer bees (D:8)
  18 wights
  3 crimson imps
  A giant frog zombie (D:7)
  3 jellies
  5 hounds
  3 orc priests
  Crazy Yiuf (D:2)
  A centaur zombie (D:8)
  3 orc wizards
  5 iguanas
  2 worker ants
  A killer bee zombie (D:8)
  4 sheep (D:9)
  A hound zombie (D:5)
  A worker ant zombie (D:8)
  2 howler monkey zombies
  9 gnolls
  6 adders
  2 river rats (D:9)
  4 shadow imps
  2 oozes
  An adder zombie (D:6)
  2 adder skeletons
  A worm (D:4)
  3 dart slugs
  3 giant geckos
  30 orcs
  A ball python (D:6)
  6 giant cockroaches
  12 goblins
  9 hobgoblins
  11 jackals
  3 quokkas
  6 bats
  A giant gecko zombie (D:6)
  10 giant newts
  13 kobolds
  A quokka zombie (D:4)
  9 rats
262 creatures vanquished.

Vanquished Creatures (others)
  A slave (D:6)
  A jackal (D:6)
  A fungus (D:9)
  8 plants
11 creatures vanquished.

Grand Total: 273 creatures vanquished

Notes
Turn   | Place    | Note
--------------------------------------------------------------
     0 | D:1      | hairmachine the Minotaur Gladiator began the quest for the Orb.
     0 | D:1      | Reached XP level 1. HP: 18/18 MP: 0/0
   150 | D:1      | Reached skill level 4 in Axes
   277 | D:1      | Reached XP level 2. HP: 25/25 MP: 1/1
   658 | D:1      | Reached skill level 5 in Axes
   935 | D:1      | Reached XP level 3. HP: 25/30 MP: 2/2
  2013 | D:2      | Noticed Crazy Yiuf
  2018 | D:2      | Killed Crazy Yiuf
  2018 | D:2      | Reached skill level 6 in Axes
  2018 | D:2      | Reached XP level 4. HP: 37/37 MP: 3/3
  2072 | D:2      | Found a sacrificial altar of Ru.
  2235 | D:2      | Found a glowing golden altar of the Shining One.
  2243 | D:2      | Became a worshipper of the Shining One
  3117 | D:3      | Reached skill level 7 in Axes
  3117 | D:3      | Reached XP level 5. HP: 42/42 MP: 4/4
  3358 | D:3      | Noticed junkhipster's ghost (amateur FoFi)
  3598 | D:3      | Killed junkhipster's ghost
  3598 | D:3      | Reached skill level 8 in Axes
  3598 | D:3      | Reached XP level 6. HP: 50/50 MP: 5/5
  3931 | D:4      | Found an ancient bone altar of Kikubaaqudgha.
  3931 | D:4      | Found a stormy altar of Qazlal.
  4093 | D:4      | Reached skill level 9 in Axes
  4261 | D:4      | Found an iron altar of Okawaru.
  4261 | D:4      | Found a snail-covered altar of Cheibriados.
  4262 | D:4      | Found an opulent altar of Gozag.
  4283 | D:4      | Reached XP level 7. HP: 56/56 MP: 6/6
  4420 | D:4      | Found a staircase to the Ecumenical Temple.
  4446 | D:4      | Reached skill level 10 in Axes
  4494 | D:4      | Found a radiant altar of Vehumet.
  4719 | D:5      | Entered Level 5 of the Dungeon
  4752 | D:5      | Found a burning altar of Makhleb.
  4819 | D:5      | Reached * piety under the Shining One
  4931 | D:5      | You fall through a shaft for 2 floors!
  5004 | D:6      | Noticed Pikel
  5017 | D:6      | Killed Pikel
  5017 | D:6      | Reached skill level 12 in Axes
  5017 | D:6      | Reached XP level 8. HP: 44/62 MP: 7/7
  6076 | D:6      | Noticed Blork the orc
  6088 | D:6      | Killed Blork the orc
  6205 | D:6      | Reached skill level 5 in Armour
  6375 | D:6      | Noticed Grinder
  6375 | D:6      | Reached XP level 9. HP: 54/68 MP: 8/8
  6381 | D:6      | Noticed Menkaure
  6381 | D:6      | Reached ** piety under the Shining One
  6392 | D:6      | Killed Menkaure
  6512 | D:6      | Killed Grinder
  7120 | D:7      | Reached skill level 5 in Fighting
  7185 | D:7      | Found a burning altar of Makhleb.
  7750 | D:7      | You fall through a shaft!
  7750 | D:8      | Found Gengeomn's Book Shoppe.
  7965 | D:8      | Found Niq Joyrgh's Antique Weapon Emporium.
  7965 | D:8      | Found Neuhec's Magic Scroll Boutique.
  7967 | D:8      | Noticed Erica
  7980 | D:8      | Killed Erica
  7980 | D:8      | Reached skill level 13 in Axes
  7980 | D:8      | Reached XP level 10. HP: 52/84 MP: 9/9
  7981 | D:8      | Reached *** piety under the Shining One
  8347 | D:8      | Noticed Maurice
  8363 | D:8      | Killed Maurice
  8446 | D:8      | Found Tani's Book Shop.
  8470 | D:8      | Bought a scroll of teleportation for 39 gold pieces
  8470 | D:8      | Bought a scroll of enchant weapon for 97 gold pieces
  8470 | D:8      | Bought a scroll of noise for 13 gold pieces
  8470 | D:8      | Bought a scroll of fog for 26 gold pieces
  8561 | D:8      | Reached skill level 10 in Armour
  8728 | D:8      | Found Resuethro's General Store.
  9076 | D:9      | Reached **** piety under the Shining One
  9077 | D:9      | Found a staircase to the Lair.
  9078 | D:9      | Reached skill level 14 in Axes
  9081 | D:9      | Noticed Aquadorian's ghost (novice MiFi)
  9850 | D:9      | Got an ancient hand axe {speed}
  9856 | D:9      | Identified the +9 hand axe of Prescription {speed, rF++ SInv} (You took it off a gnoll on level 9 of the Dungeon)
  9895 | D:9      | Killed Aquadorian's ghost
 10108 | Lair:1   | Entered Level 1 of the Lair of Beasts
 10181 | Lair:1   | Reached XP level 11. HP: 91/91 MP: 10/10
 10480 | Lair:1   | Reached skill level 15 in Axes
 10803 | Lair:2   | Noticed Sonja
 10808 | Lair:2   | Reached ***** piety under the Shining One
 10825 | Lair:2   | HP: 1/91 [asphyx]
 10825 | Lair:2   | Slain by an elephant

Skill      XL: |  1  2  3  4  5  6  7  8  9 10 11 |
---------------+----------------------------------+-----
Axes           | 4 5 6 7 8 9 12 13 14 15 | 15.5
Armour         | 5 9 11 12 | 12.4
Fighting       | 6 |  6.9
Throwing       | |  2.0
Dodging        | |  3.2

Action                   |  1- 3 |  4- 6 |  7- 9 | 10-12 || total
-------------------------+-------+-------+-------+-------++-------
Melee: War axe           |    77 |   103 |   271 |   155 ||   606
       Headbutt          |    12 |    12 |    53 |    54 ||   131
       Hand axe          |       |       |       |   122 ||   122
  Use: Scroll            |     3 |     1 |     5 |     2 ||    11
       Potion            |       |       |       |     4 ||     4
 Stab: Paralysed         |       |     1 |       |       ||     1
  Eat: Chunk             |     3 |    10 |    19 |     9 ||    41
Armor: Leather armour    |    14 |       |       |       ||    14
       Ring mail         |     9 |    33 |    40 |       ||    82
       Chain mail        |       |       |    64 |       ||    64
       Plate armour      |       |       |    14 |   162 ||   176
Dodge: Dodged            |    47 |    57 |    96 |    83 ||   283
